 Dungeon Crawl Stone Soup version 0.20-a0-351-gc9b4002 (webtiles) character file.

28 Gunthar the Magician (level 3, -6/19 HPs)
             Began as a Deep Elf Wizard on Dec 26, 2016.
             Mangled by Natasha (8 damage)
             ... on level 2 of the Dungeon.
             The game lasted 00:09:41 (993 turns).

Gunthar the Magician (Deep Elf Wizard)               Turns: 993, Time: 00:09:42

Health: -6/19      AC:  2    Str:  0    XL:     3   Next: 0%
Magic:  6/11       EV: 13    Int: 23    God:
Gold:   76         SH:  0    Dex: 13    Spells: 11/12 levels left

rFire  . . .     SeeInvis .     f - +0 short sword
rCold  . . .     Gourm    .     a - +0 robe
rNeg   . . .     Faith    .     (no shield)
rPois  .         Spirit   .     b - +0 hat
rElec  .         Reflect  .     (no cloak)
rCorr  .         Harm     .     (no gloves)
MR     +....                    (no boots)
Stlth  ++........               (no amulet)
                                u - ring of protection from magic
                                q - -4 ring of strength (curse)

@: slowed, lost strength, very slow
A: no striking features
a: no special abilities


You were on level 2 of the Dungeon.
You were not hungry.

You visited 1 branch of the dungeon, and saw 2 of its levels.

You collected 76 gold pieces.

Inventory:

Hand Weapons
 e - a +0 dagger
 f - a +0 short sword (weapon)
 s - a +0 rapier
Missiles
 g - 77 stones (quivered)
 h - 28 bolts
 i - 3 tomahawks
 n - 12 poisoned needles
Armour
 a - a +0 robe (worn)
 b - a +0 hat (worn)
 o - a +0 robe
 p - a +1 ring mail of cold resistance
Jewellery
 q - a cursed -4 ring of strength (left hand)
 u - a ring of protection from magic (right hand)
Scrolls
 t - a scroll of identify
Potions
 j - a potion of resistance {unknown}
 k - a potion of heal wounds {unknown}
 l - 2 potions of haste {unknown}
 v - a potion of invisibility {unknown}
Books
 c - a book of Minor Magic

   Spells                             Type                      Level
   a - Magic Dart                     Conjuration                  1
   b - Blink                          Translocation                2
   c - Call Imp                       Summoning                    2
   d - Repel Missiles                 Charms/Air                   2
   e - Slow                           Hexes                        2
   f - Conjure Flame                  Conjuration/Fire             3
   g - Mephitic Cloud                 Conjuration/Poison/Air       3
Comestibles
 d - 2 bread rations
 m - a meat ration
 r - a chunk of flesh


   Skills:
 + Level 2.7 Dodging
 + Level 3.0 Stealth
 * Level 5.1 Spellcasting
 + Level 1.7 Conjurations
   Level 1.1 Summonings
   Level 1.1 Translocations


You had 11 spell levels left.
You knew the following spells:

 Your Spells              Type           Power        Failure   Level  Hunger
a - Magic Dart            Conj           ##..         6%          1    None


Dungeon Overview and Level Annotations

Branches:
Dungeon (2/15)

Altars:

Annotations:
D:2 Natasha


Message History

Natasha is heavily wounded.
Natasha closely misses you.
Casting: Magic Dart
Confirm with . or Enter, or press ? or * to list all spells.
Aiming: Magic Dart
Press: ? - help, Shift-Dir - straight line, f/p - Natasha
Aim: Natasha (heavily wounded)
The magic dart hits Natasha.
Natasha is severely wounded.
Natasha barely misses you. Natasha claws you.
* * * LOW HITPOINT WARNING * * *
Casting: Magic Dart
Confirm with . or Enter, or press ? or * to list all spells.
Aiming: Magic Dart
Press: ? - help, Shift-Dir - straight line, f/p - Natasha
Aim: Natasha (severely wounded)
The magic dart hits Natasha.
Natasha is severely wounded.
Natasha claws you!
You die...

...####.............
........####K#.###.....[
....###.####.#.# #......
....# #....#.# # .......
....###.##.#.# .......
........##.#.# .....
...####......# ... ...#
#####..#####.#
...##.......K..h@.#
......#####.#######
#.##. .... ... ..
....... ### .#...#...#
#..S#.... .........#
.?.. ##


You could see Natasha and a kobold.

Vanquished Creatures
  4 leopard geckos (D:1)
  A ball python (D:1)
  A bat (D:1)
  2 giant cockroaches
  A goblin (D:1)
  2 hobgoblins (D:1)
  3 jackals (D:1)
  A quokka (D:2)
  A frilled lizard (D:1)
  6 rats
  4 toadstools (D:1)
26 creatures vanquished.

Notes
Turn   | Place    | Note
-------+----------+-------------------------------------------
     0 | D:1      | Gunthar the Deep Elf Wizard began the quest for the Orb.
     0 | D:1      | Reached XP level 1. HP: 10/10 MP: 7/7
   369 | D:1      | Reached XP level 2. HP: 15/15 MP: 4/9
   618 | D:1      | Lost strength.
   642 | D:1      | Reached skill level 5 in Spellcasting
   979 | D:2      | Reached XP level 3. HP: 16/19 MP: 9/11
   983 | D:2      | Noticed Natasha
   993 | D:2      | Mangled by Natasha

Vault maps used:
D:1:      ldierk_water_garden, minmay_crystal_water
D:2:      kennysheep_decorative_pillar, minmay_pentomino_r2, uniq_natasha,
          uniq_sigmund

Skill      XL: |  1  2 |
---------------+-------+-----
Spellcasting   | 5 |  5.1
Stealth        | 3 |  3.0
Dodging        | |  2.7
Conjurations   | |  1.7
Summonings     | |  1.1
Translocations | |  1.1

Action                   || total
-------------------------++-------
Melee: Dagger            ||    17
 Cast: Magic Dart        ||    62
  Use: Scroll            ||     2
  Eat: Chunk             ||     1
Armor: Robe              ||     1
Dodge: Dodged            ||    17
